 Dungeon Crawl Stone Soup version 0.30-a0-702-gdf48620a09 (webtiles) character file.

Game seed: 4152313195017999487

237 bmack86 the Chopper (level 5, -2/47 HPs)
             Began as a Minotaur Fighter on Jan 21, 2023.
             Slain by Grinder (5 damage)
             ... while paralysed by Grinder
             ... on level 4 of the Dungeon.
             The game lasted 00:07:30 (2487 turns).

bmack86 the Chopper (Minotaur Fighter)              Turns: 2487, Time: 00:07:31

Health: -2/47      AC:  9    Str: 22    XL:     5   Next: 77%
Magic:  4/4        EV:  2    Int:  5    God:
Gold:   204        SH:  0    Dex: 10    Spells: 4/4 levels left

rFire   x . .      SeeInvis .    a - +0 war axe
rCold   + . .      Faith    .    c - +0 buckler
rNeg    . . .      Spirit   .    b - +0 scale mail
rPois   .          Reflect  .    (helmet restricted)
rElec   .          Harm     .    e - +0 cloak
rCorr   .          Rampage  .    o - +0 pair of gloves
Will    .....                    (no boots)
Stlth   x                          - amulet of magic regeneration
HPRegen 0.27/turn                s - ring of ice
MPRegen 0.49/turn                (no ring)

@: paralysed
A: horns 2, retaliatory headbutt
a: no special abilities


You were on level 4 of the Dungeon.
You visited 1 branch of the dungeon, and saw 4 of its levels.

You collected 204 gold pieces.

Inventory:

Hand Weapons
 a - a +0 war axe (weapon)
 u - a +0 war axe
Missiles
 g - a poisoned dart (quivered)
 h - 4 boomerangs
 k - a throwing net
Armour
 b - a +0 scale mail (worn)
 c - a +0 buckler (worn)
 e - a +0 cloak (worn)
 o - a +0 pair of gloves (worn)
Jewellery
 s - a ring of ice (left hand)
 x - an amulet of magic regeneration (around neck)
Wands
 i - a wand of flame (12)
 v - a wand of paralysis (8)
Scrolls
 j - a scroll of immolation
Potions
 d - a potion of might
 f - 2 potions of haste
 n - a potion of mutation
 p - 3 potions of curing
 t - a potion of lignification


   Skills:
 + Level 4.5 Fighting
 * Level 4.7 Axes
 + Level 2.1 Throwing
 + Level 4.5 Armour
 + Level 4.5 Shields


You had 4 spell levels left.
You didn't know any spells.
Your spell library contained the following spells:

 Spells                   Type           Power      Damage    Failure   Level
 Slow                     Hex            0%         N/A       87%         1
 Confusing Touch          Hex            0%         N/A       99%         3
 Vampiric Draining        Necr           0%         2d6       99%         3
 Vhi's Electric Charge    Tloc/Air       0%         N/A       99%         3
 Arcjolt                  Conj/Air       0%         1d10      100%        5
 Maxwell's Capacitive Co  Air            0%         ∞         100%        8


Dungeon Overview and Level Annotations

Branches:
Dungeon (4/15)
 Temple: D:4-7

Altars:
Vehumet

Annotations:
D:4 Grinder


Innate Abilities, Weirdness & Mutations

You have a pair of horns on your head.
You reflexively headbutt those who attack you in melee.


Message History

You resist with significant effort.
You closely miss Grinder. Your headbutt misses Grinder. Grinder misses you.
You furiously retaliate!
You headbutt Grinder! You closely miss Grinder.
Grinder is moderately wounded.
A hobgoblin comes into view.
Grinder gestures at you.
You barely resist.
The hobgoblin shouts!
You slash Grinder!
Grinder is severely wounded.
Grinder hits you!
You writhe in agony.
You hit Grinder. You headbutt Grinder, but do no damage.
Grinder is severely wounded.
Grinder barely misses you. Grinder gestures at you.
You resist with significant effort.
You hit Grinder. Your headbutt misses Grinder.
Grinder is almost dead.
Grinder hits you!
* * * LOW HITPOINT WARNING * * *
You writhe in agony.
* * * LOW HITPOINT WARNING * * *
You barely miss Grinder.
Grinder is almost dead.
Grinder gestures at you. You resist with significant effort.
The hobgoblin hits you but does no damage.
You hit Grinder but do no damage. Your headbutt misses Grinder.
Grinder is almost dead.
You hit the hobgoblin. Grinder gestures at you.
You suddenly lose the ability to move!
The hobgoblin hits you but does no damage.
Grinder hits you but does no damage.
The hobgoblin hits you but does no damage.
Grinder hits you.
* * * LOW HITPOINT WARNING * * *
You writhe in agony.
You die...

#.....#...[#........
#.....#....#...(....
#.....#....(........
#.....'....#(.......
#########'##........
........(.....#######
..............# .....
........5g....#..........
....(...@.....'..........
..............#..........
..............# .........
########†.....## .... #..
#.......#####+##..
#.......#.....#...
#....)..#.....#...
#.......'.....'...
#########.......#########'


You could see Grinder and a hobgoblin.

Vanquished Creatures
  2 orc priests (D:3)
  An orc wizard (D:3)
  A gnoll (D:1)
  8 adders
  2 worms
  7 orcs (D:3)
  4 endoplasms
  3 giant cockroaches
  5 goblins
  3 hobgoblins
  4 quokkas
  11 ball pythons
  2 bats
  3 frilled lizards
  7 kobolds
  2 rats
65 creatures vanquished.

Vanquished Creatures (others)
  2 plants (D:2)
2 creatures vanquished.

Grand Total: 67 creatures vanquished

Notes
Turn   | Place    | Note
-------+----------+-------------------------------------------
     0 | D:1      | bmack86 the Minotaur Fighter began the quest for the Orb.
     0 | D:1      | Reached XP level 1. HP: 19/19 MP: 0/0
    45 | D:1      | Found a faded altar of an unknown god.
   488 | D:1      | Reached XP level 2. HP: 23/27 MP: 1/1
   777 | D:2      | Reached XP level 3. HP: 23/33 MP: 2/2
   898 | D:2      | Reached skill level 1 in Throwing
  1005 | D:2      | Reached XP level 4. HP: 40/40 MP: 3/3
  1507 | D:3      | Reached XP level 5. HP: 47/47 MP: 4/4
  2124 | D:4      | Noticed Grinder
  2124 | D:4      | Paralysed by Grinder for 3 turns
  2421 | D:4      | Found a radiant altar of Vehumet.
  2474 | D:4      | Paralysed by Grinder for 3 turns
  2486 | D:4      | Paralysed by Grinder for 2 turns
  2487 | D:4      | Slain by Grinder

Illustrated notes

Levels and vault maps discovered:
D:1:      lightli_arrival_chessboard, layout_basic,
          ebering_ecumenical_altar_hall, dreamdust_mushroom_princess
D:2:      layout_rooms, minivault_24, minmay_shallow_snake_nest
D:3:      layout_loops_ring, minmay_circle_x
D:4:      layout_gridville, vehumet_altar_wand_db, uniq_duvessa, uniq_grinder

Skill      XL: |  1  2  3  4  5 |
---------------+----------------+-----
Axes           | 3 4 |  4.7
Fighting       | 4 |  4.5
Throwing       | 1 2 |  2.1
Armour         | 4 |  4.5
Shields        | 4 |  4.5

Action                   |  1- 3 |  4- 6 || total
-------------------------+-------+-------++-------
Melee: War axe           |    44 |    89 ||   133
       Headbutt          |     4 |    10 ||    14
Throw: Dart              |       |    15 ||    15
  Use: Scroll            |       |    12 ||    12
Armor: Scale mail        |    32 |    69 ||   101
Dodge: Dodged            |    33 |    41 ||    74
Block: Buckler           |    17 |    15 ||    32

Table legend: (Time is in decaauts)
 A = Elapsed time spent in this place.
 B = Non-inter-level travel time spent in this place.
 C = Inter-level travel time spent in this place.
 D = Time resting spent in this place.
 E = Time spent auto-exploring this place.
 F = Levels seen in this place.
 G = Mean time per level.
                   A        B        C        D        E       F      G
               +--------+--------+--------+--------+--------+-----+--------+
         Total |   2533 |   2344 |    189 |      0 |   1569 |   4 |  633.2 |
       Dungeon |   2533 |   2344 |    189 |      0 |   1569 |   4 |  633.2 |
               +--------+--------+--------+--------+--------+-----+--------+

Top non-repeatable levels by time:
     D:3: 993 daAuts
     D:1: 774 daAuts
     D:2: 532 daAuts
     D:4: 233 daAuts
